 Dungeon Crawl Stone Soup version 0.28.0-45-g0d030f2227 (webtiles) character file.

Game seed: 12865327947222353714

130 Descartes the Ruffian (level 4, -1/41 HPs)
             Began as a Troll Warper on Apr 14, 2022.
             Slain by Crazy Yiuf
             ... wielding a +3 quarterstaff of chaos
              (8 damage)
             ... on level 2 of the Dungeon.
             The game lasted 00:04:32 (1438 turns).

Descartes the Ruffian (Troll Warper)                Turns: 1438, Time: 00:04:33

Health: -1/41      AC:  4    Str: 19    XL:     4   Next: 90%
Magic:  4/4        EV: 14    Int: 11    God:
Gold:   95         SH:  0    Dex:  9    Spells: 5/5 levels left

rFire   . . .      SeeInvis .     - Unarmed
rCold   . . .      Faith    .   (no shield)
rNeg    . . .      Spirit   .   a - +0 robe
rPois   .          Reflect  .   (helmet restricted)
rElec   .          Harm     .   (no cloak)
rCorr   .          Rampage  .   (gloves unavailable)
Will    .....                   (boots unavailable)
Stlth   +.........              (no amulet)
HPRegen 0.93/turn               (no ring)
MPRegen 0.09/turn               (no ring)

@: agile, lethally poisoned (-1 -> -1), hasted, very quick
A: large, unfitting armour, claws 3, regeneration 1, shaggy fur 1, tough skin 1
a: no special abilities


You were on level 2 of the Dungeon.
You visited 1 branch of the dungeon, and saw 2 of its levels.

You collected 95 gold pieces.

Inventory:

Missiles
 c - 5 boomerangs of dispersal (quivered)
 g - 41 stones
Armour
 a - a +0 robe (worn)
 k - a +0 tower shield
Jewellery
 i - a +6 ring of intelligence
Scrolls
 b - 2 scrolls of blinking
 d - a scroll of identify {unknown}
 e - 4 scrolls of teleportation {unknown}
 f - 2 scrolls of enchant weapon {unknown}
Potions
 h - 2 potions of resistance {unknown}
 j - a potion of heal wounds {unknown}


   Skills:
 - Level 1.5 Fighting
 - Level 0.8 Throwing
 - Level 1.9 Dodging
 + Level 0.2 Shields
 + Level 3.8 Unarmed Combat
 - Level 1.2 Spellcasting
 + Level 3.3 Translocations


You had 5 spell levels left.
You didn't know any spells.
Your spell library contained the following spells:

 Spells                   Type           Power      Damage    Failure   Level
 Blink                    Tloc           16%        N/A       12%         2
 Gell's Gravitas          Tloc           8%         N/A       24%         3
 Lesser Beckoning         Tloc           8%         N/A       24%         3
 Teleport Other           Tloc           8%         N/A       24%         3
 Corpse Rot               Necr/Air       0%         N/A       43%         2
 Ensorcelled Hibernation  Hex/Ice        0%         N/A       43%         2
 Passwall                 Tmut/Erth      0%         N/A       43%         2
 Poisonous Vapours        Pois/Air       0%         N/A       43%         2
 Swiftness                Air            0%         N/A       67%         3
 Manifold Assault         Tloc           8%         N/A       91%         5


Dungeon Overview and Level Annotations

Branches:
Dungeon (2/15)

Altars:

Shops:
D:1 (=*:(

Annotations:
D:2 Crazy Yiuf


Innate Abilities, Weirdness & Mutations

You are too large for most types of armour.
You have claws for hands.
Your natural rate of healing is unusually fast.
You are covered in fur. (AC +1)
You have tough skin. (AC +1)


Message History

Could not explore, unopened runed door.
No reachable target in view!
You open the door. You closely miss Crazy Yiuf.
Crazy Yiuf hits you with a +3 quarterstaff of chaos.
You are confused.
You scratch Crazy Yiuf but do no damage.
Crazy Yiuf twirls on the spot.
Crazy Yiuf hits you with a +3 quarterstaff of chaos.
You are poisoned.
You bump into the rock wall.
You feel sick.
Crazy Yiuf hits you with a +3 quarterstaff of chaos!
You feel yourself speed up.
You bump into the stone wall.
You feel sick.
You scratch Crazy Yiuf but do no damage.
You feel sick.
Crazy Yiuf hits you with a +3 quarterstaff of chaos!
You feel agile all of a sudden.
You miss Crazy Yiuf.
Crazy Yiuf twirls on the spot.
Crazy Yiuf misses you.
You bump into the rock wall.
You feel less confused.
You feel sick.
You scratch Crazy Yiuf.
Crazy Yiuf is lightly wounded.
You feel sick.
Crazy Yiuf hits you with a +3 quarterstaff of chaos!
* * * LOW HITPOINT WARNING * * *
You closely miss Crazy Yiuf.
Crazy Yiuf is lightly wounded.
Crazy Yiuf barely misses you.
You barely miss Crazy Yiuf.
Crazy Yiuf is lightly wounded.
You feel sick.
You claw Crazy Yiuf!
Crazy Yiuf is moderately wounded.
You feel sick.
Crazy Yiuf hits you with a +3 quarterstaff of chaos!
You die...

#....###.).....#.##
#....# #....##....#
#....# #....####..#
##...# #.....###..#
##.## ####...##...
##.# #..#..... #.##
##...#.<.# ##.#
#..)...... #@##
#......... #g#
#......... ...
#......... #...#
#####.#..# #)..#
#.#... #####
####.#...
##........
###..####.#.
#...##......


You could see Crazy Yiuf.

Vanquished Creatures
  Robin (D:2)
  3 adders (D:2)
  A gnoll (D:1)
  3 worms (D:2)
  6 endoplasms
  3 giant cockroaches (D:1)
  17 goblins
  8 hobgoblins
  4 kobolds
  4 quokkas
  6 ball pythons
  4 bats (D:1)
  2 frilled lizards (D:2)
  2 rats (D:1)
64 creatures vanquished.

Vanquished Creatures (others)
  A plant (D:1)
1 creature vanquished.

Grand Total: 65 creatures vanquished

Notes
Turn   | Place    | Note
-------+----------+-------------------------------------------
     0 | D:1      | Descartes the Troll Warper began the quest for the Orb.
     0 | D:1      | Reached XP level 1. HP: 19/19 MP: 1/1
   208 | D:1      | Reached XP level 2. HP: 27/27 MP: 2/2
   249 | D:1      | Found Ytikhloaph's Weapon Shop.
   325 | D:1      | Found Heruod's Assorted Antiques.
   347 | D:1      | Found Fauq's Book Shop.
   347 | D:1      | Found Piuhammac's Jewellery Boutique.
   394 | D:1      | Reached XP level 3. HP: 27/33 MP: 3/3
   424 | D:1      | Found Luacwenk's Weapon Emporium.
   734 | D:2      | Noticed Robin
   828 | D:1      | Reached XP level 4. HP: 35/41 MP: 4/4
   854 | D:2      | Killed Robin
  1186 | D:2      | Found a runed translucent door.
  1187 | D:2      | Noticed Crazy Yiuf
  1438 | D:2      | Slain by Crazy Yiuf

Illustrated notes

Levels and vault maps discovered:
D:1:      minmay_arrival_arboretum_small, layout_basic, serial_shops,
          nicolae_diamond_shop, nicolae_shop_crystal,
          nicolae_shop_overgrown_old_shop, nicolae_shop_behind_doors, shop
D:2:      layout_rooms, minmay_puff, uniq_robin, uniq_crazy_yiuf_cottage

Skill      XL: |  1  2  3 |
---------------+----------+-----
Unarmed Combat | 3 |  3.8
Translocations | 3 |  3.3
Fighting       | |  1.5
Throwing       | |  0.8
Dodging        | |  1.9
Shields        | |  0.2
Spellcasting   | |  1.2

Action                   |  1- 3 |  4- 6 || total
-------------------------+-------+-------++-------
Melee: Unarmed           |   106 |    67 ||   173
       Punch             |     2 |     1 ||     3
Armor: Robe              |    49 |    12 ||    61
Dodge: Dodged            |    55 |    13 ||    68
